 Dungeon Crawl Stone Soup version 0.31-a0-819-gf6de2f5ab6 (webtiles) character file.

Game seed: 89966437241981896

81 randomguy2701 the Trooper (level 4, -2/61 HPs)
             Began as a Gnoll Wanderer on Sept 24, 2023.
             Slain by a kobold brigand
             ... wielding a +0 short sword
              (6 damage)
             ... in a sewer.
             The game lasted 00:03:04 (1330 turns).

randomguy2701 the Trooper (Gnoll Wanderer)          Turns: 1330, Time: 00:03:05

Health: -2/61      AC: 22    Str:  7    XL:     4   Next: 42%
Magic:  11/11      EV:  2    Int: 15    God:
Gold:   73         SH:  0    Dex: 14    Spells: 12/13 levels left

rFire   . . .        a - +0 dagger
rCold   . . .        (no shield)
rNeg    . . .        l - melded +0 ring mail of Dishonour {Dex+3}
rPois   +            d - melded +0 helmet
rElec   .            (cloak currently unavailable)
rCorr   .            (gloves currently unavailable)
SInv    .            m - melded +0 pair of boots
Will    .....        (no amulet)
Stlth   ++           (no ring)
HPRegen 0.30/turn    (no ring)
MPRegen 0.12/turn

%: no passive effects
@: tree-form, slowed, very slow
A: stationary, stasis, torment immunity, boosted hp, (fangs 1), strong nose,
distributed training
a: no special abilities


You were in a sewer.
You were a tree.
You visited 1 branch of the dungeon, and saw 4 of its levels.
You also visited: Sewer.

You collected 73 gold pieces.

Inventory:

Hand Weapons
 a - a +0 dagger (weapon)
Armour
 c - a +0 robe
 d - a +0 helmet (melded)
 l - the +0 ring mail of Dishonour (melded) {Dex+3}
   (You found it on level 4 of the Dungeon)

   Dex+3:     It affects your dexterity (+3).
 m - a +0 pair of boots (melded)
 n - a +0 helmet
Magical Staves
 h - a staff of earth
Jewellery
 k - a ring of fire
Scrolls
 e - 3 scrolls of enchant armour {unknown}
 g - a scroll of brand weapon {unknown}
 i - a scroll of teleportation {unknown}


   Skills:
 + Level 6.6 Fighting
 + Level 1.1 Short Blades
 + Level 1.1 Long Blades
 + Level 1.1 Axes
 + Level 1.1 Maces & Flails
 + Level 1.1 Polearms
 + Level 1.1 Staves
 + Level 1.1 Ranged Weapons
 + Level 1.1 Throwing
 + Level 1.1 Armour
 + Level 4.6 Dodging
 + Level 1.1 Stealth
 + Level 1.1 Shields
 + Level 1.1 Unarmed Combat
 + Level 5.1 Spellcasting
 + Level 5.4 Conjurations
 + Level 0.9 Hexes
 + Level 0.9 Summonings
 + Level 0.9 Necromancy
 + Level 0.9 Translocations
 + Level 0.9 Transmutations
 + Level 0.9 Fire Magic
 + Level 0.9 Ice Magic
 + Level 0.9 Air Magic
 + Level 0.9 Earth Magic
 + Level 0.9 Poison Magic
 + Level 1.2 Invocations
 + Level 1.1 Evocations
 + Level 1.0 Shapeshifting


You had 12 spell levels left.
You knew the following spells:

 Your Spells              Type           Power      Damage    Failure   Level
a - Kiss of Death         Conj/Necr      52%        2d9       4%          1

Your spell library contained the following spells:

 Spells                   Type           Power      Damage    Failure   Level
 Static Discharge         Conj/Air       26%        2-4/arc   7%          2
 Cigotuvi's Dreadful Rot  Necr/Pois/Air  12%        N/A       17%         2
 Poisonous Vapours        Pois/Air       12%        N/A       17%         2
 Sticky Flame             Conj/Fire      13%        2d4       41%         4


Dungeon Overview and Level Annotations

Branches:
Dungeon (4/15)              Sewer (1/1)
 Temple: D:4-7

Altars:


Innate Abilities, Weirdness & Mutations

You are a tree.
Your roots penetrate the ground, keeping you stationary.
You cannot be teleported.
You are immune to unholy pain and torment.
Your maximum health is greatly increased.
Your equipment is partially melded.
((You have very sharp teeth.))
Your uncanny sense of smell can sniff out nearby items.
Your experience applies equally to all skills.


Message History

The curare-tipped dart hits you.
You are poisoned.
You have difficulty breathing.
* * * LOW HITPOINT WARNING * * *
You feel as though you will be slow longer.
You feel very sick.
The kobold brigand hits you but does no damage.
The kobold brigand hits you with a +0 short sword.
* * * LOW HITPOINT WARNING * * *
The kobold brigand hits you but does no damage.
You see here a rat corpse.
You hit the kobold brigand. Your bite misses the kobold brigand.
The kobold brigand is lightly wounded.
* * * LOW HITPOINT WARNING * * *
You feel sick.
The kobold brigand hits you but does no damage.
You hit the kobold brigand.
The kobold brigand is lightly wounded.
You feel sick.
The kobold brigand hits you with a +0 short sword.
* * * LOW HITPOINT WARNING * * *
The kobold brigand misses you.
It was a potion of lignification.
You turn into a tree.
Your +0 helmet melds into your body.
Your +0 pair of boots melds into your body.
The +0 ring mail of Dishonour {Dex+3} melds into your body.
Your roots penetrate the ground.
You feel sick.
You are no longer poisoned.
The kobold brigand splashes around in the water.
You barely miss the kobold brigand.
The kobold brigand is lightly wounded.
The kobold brigand hits you but does no damage.
The kobold brigand splashes around in the water.
You hit the kobold brigand but do no damage.
The kobold brigand is lightly wounded.
The kobold brigand hits you but does no damage.
You closely miss the kobold brigand.
The kobold brigand is lightly wounded.
The kobold brigand hits you with a +0 short sword.
You die...

##~~~## #.~r#
#~§.# #~~§## #.
#.~§§## #..
#..§§§#####.~.~
##.~§§.~~.~.~..
###§K.~~~~~.#
##♣..~.~~## .
##~.~~..~##
~~~##~..~~..~~##
#~~~.~...~.....~.
##.~....~...~~..~
#~~~.~.......~.~
#~~~~~~.∩.∩..~.~
#...~.........~~
#~~......~~~....


You could see a kobold brigand.

Vanquished Creatures
  5 adders (D:3)
  A dart slug (D:1)
  6 ball pythons
  4 bats
  2 endoplasms
  A giant cockroach (D:4)
  2 goblins
  3 hobgoblins
  3 jackals (D:1)
  A kobold (D:1)
  2 quokkas (D:1)
  3 rats
33 creatures vanquished.

Notes
Turn   | Place    | Note
-------+----------+-------------------------------------------
     0 | D:1      | randomguy2701 the Gnoll Wanderer began the quest for the
                  | Orb.
     0 | D:1      | randomguy2701 set off with the following items: a +0
                  | dagger, a scroll of fog, a +0 robe, a +0 helmet; and the
                  | following spell memorised: Kiss of Death; and the following
                  | spells available to memorise: Static Discharge, Cigotuvi's
                  | Dreadful Rot, Poisonous Vapours, Sticky Flame.
     0 | D:1      | Reached XP level 1. HP: 23/23 MP: 6/6
   166 | D:1      | Reached XP level 2. HP: 26/29 MP: 7/7
   525 | D:1      | Reached XP level 3. HP: 22/35 MP: 9/9
   761 | D:2      | Reached skill level 5 in Spellcasting
   829 | D:2      | You fall into a shaft and drop 2 floors!
   835 | D:4      | Identified the +0 ring mail of Dishonour {Dex+3}
   965 | D:3      | Found a glowing drain.
   997 | D:3      | Reached skill level 1 in Invocations
  1095 | D:3      | Reached skill level 1 in Short Blades
  1095 | D:3      | Reached skill level 1 in Long Blades
  1095 | D:3      | Reached skill level 1 in Axes
  1095 | D:3      | Reached skill level 1 in Maces & Flails
  1095 | D:3      | Reached skill level 1 in Polearms
  1095 | D:3      | Reached skill level 1 in Staves
  1095 | D:3      | Reached skill level 1 in Ranged Weapons
  1095 | D:3      | Reached skill level 1 in Throwing
  1095 | D:3      | Reached skill level 1 in Armour
  1095 | D:3      | Reached skill level 1 in Stealth
  1095 | D:3      | Reached skill level 1 in Shields
  1095 | D:3      | Reached skill level 1 in Unarmed Combat
  1095 | D:3      | Reached skill level 1 in Evocations
  1105 | D:3      | Reached skill level 1 in Shapeshifting
  1105 | D:3      | Reached XP level 4. HP: 23/41 MP: 11/11
  1279 | Sewer    | Entered a sewer
  1306 | Sewer    | Noticed a kobold brigand
  1326 | Sewer    | HP: 2/41 [kobold brigand/+0 short sword (1)]
  1330 | Sewer    | Slain by a kobold brigand

Illustrated notes

Levels and vault maps discovered:
D:1:      dpeg_arrival_fog, layout_loops_ring
D:2:      minmay_alternating_diamond, layout_basic, basic_ecumenical_altar,
          fountainhead, uniq_robin, uniq_jessica
D:3:      layout_basic, gup_sewer_entry_glass, minmay_rat_hole
D:4:      layout_basic, minmay_misc_feat_diagonals, grunt_decor_arrowhead
Sewer:    sewer_co_tree

Skill      XL: |  1  2  3 |
---------------+----------+-----
Spellcasting   | 5 |  5.1
Invocations    | 1 |  1.2
Short Blades   | 1 |  1.1
Long Blades    | 1 |  1.1
Axes           | 1 |  1.1
Maces & Flails | 1 |  1.1
Polearms       | 1 |  1.1
Staves         | 1 |  1.1
Ranged Weapons | 1 |  1.1
Throwing       | 1 |  1.1
Armour         | 1 |  1.1
Stealth        | 1 |  1.1
Shields        | 1 |  1.1
Unarmed Combat | 1 |  1.1
Evocations     | 1 |  1.1
Shapeshifting  | 1 |  1.0
Fighting       | |  6.6
Dodging        | |  4.6
Conjurations   | |  5.4
Hexes          | |  0.9
Summonings     | |  0.9
Necromancy     | |  0.9
Translocations | |  0.9
Transmutations | |  0.9
Fire Magic     | |  0.9
Ice Magic      | |  0.9
Air Magic      | |  0.9
Earth Magic    | |  0.9
Poison Magic   | |  0.9

Action                     |  1- 3 |  4- 6 || total
---------------------------+-------+-------++-------
  Melee: Dagger            |   156 |    36 ||   192
         Bite              |    11 |     3 ||    14
         Punch             |     1 |     2 ||     3
    Use: Potion            |       |     2 ||     2
         Scroll            |       |     1 ||     1
   Stab: Sleeping          |     3 |       ||     3
 Armour: Robe              |    42 |       ||    42
         Ring mail         |    67 |    28 ||    95
         Skin              |       |     3 ||     3
  Dodge: Dodged            |   115 |    19 ||   134

Table legend: (Time is in decaauts)
 A = Elapsed time spent in this place.
 B = Non-inter-level travel time spent in this place.
 C = Inter-level travel time spent in this place.
 D = Time resting spent in this place.
 E = Time spent auto-exploring this place.
 F = Levels seen in this place.
 G = Mean time per level.
                   A        B        C        D        E       F      G
               +--------+--------+--------+--------+--------+-----+--------+
         Total |   1345 |   1267 |     78 |     67 |    815 |   5 |  269.0 |
       Dungeon |   1277 |   1199 |     78 |     67 |    786 |   4 |  319.2 |
         Sewer |     67 |     67 |      0 |      0 |     29 |   1 |   67.0 |
               +--------+--------+--------+--------+--------+-----+--------+

Top non-repeatable levels by time:
     D:1: 746 daAuts
     D:3: 312 daAuts
     D:4: 135 daAuts
     D:2: 82 daAuts
   Sewer: 67 daAuts
